 Dungeon Crawl Stone Soup version 0.19.1 (webtiles) character file.

53314 JiminyCricket the Warrior (level 14, -7/138 HPs)
             Began as a Minotaur Berserker on Apr 25, 2017.
             Was the Champion of Trog.
             Mangled by Snorg (19 damage)
             ... on level 5 of the Lair of Beasts on Apr 26, 2017.
             The game lasted 03:05:16 (21079 turns).

JiminyCricket the Warrior (Minotaur Berserker)     Turns: 21079, Time: 03:05:16

Health: -7/138     AC: 20    Str: 25      XL:     14   Next: 30%
Magic:  13/13      EV: 10    Int:  3 (4)  God:    Trog [******]
Gold:   1014       SH: 11    Dex: 12      Spells: 0 memorised, 13 levels left

rFire  . . .     SeeInvis .     D - +2 whip (flame)
rCold  . . .     Gourm    .     Q - +1 plate armour
rNeg   . . .     Faith    .     J - +0 shield
rPois  +         Spirit   .     (helmet restricted)
rElec  .         Reflect  .     c - +0 cloak
rCorr  .         Harm     +     (no gloves)
MR     ++...                    (no boots)
Stlth  ..........               i - amulet of harm
                                I - ring of poison resistance
                                g - +2 ring of protection

@: about to teleport
A: retaliatory headbutt, claws 1, horns 2, deterioration 1, magic resistance 1
a: Berserk, Trog's Hand, Brothers in Arms, Burn Spellbooks, Renounce Religion


You were on level 5 of the Lair of Beasts.
You worshipped Trog.
Trog was exalted by your worship.
You were very full.

You visited 2 branches of the dungeon, and saw 17 of its levels.

You collected 1014 gold pieces.

Inventory:

Hand Weapons
 x - a +1 antimagic broad axe
 A - the +13 broad axe "Zitail" {protect, rF+ Str+4}
   (Trog gifted it to you on level 7 of the Dungeon)

   It protects the one who uses it against injury (+AC on strike).
   It affects your strength (+4).
   It protects you from fire.
 C - a +6 executioner's axe of flaming
 D - a +2 whip of flaming (weapon)
 O - a +4 antimagic battleaxe
 S - a +0 mace of holy wrath
Missiles
 n - 3 javelins of penetration (quivered)
Armour
 c - a +0 cloak (worn)
 J - a +0 shield (worn)
 M - the +0 scale mail "Ymenitt" {MR++ Int-3}
   (You found it on level 4 of the Dungeon)

   It affects your intelligence (-3).
   It affects your resistance to hostile enchantments.
 Q - a +1 plate armour (worn)
Jewellery
 g - a +2 ring of protection (left claw)
 i - an amulet of harm (around neck)
 p - a +6 ring of strength
 u - an uncursed ring of protection from fire
 I - a ring of poison resistance (right claw)
 Y - an uncursed ring of resist corrosion
Wands
 d - a wand of disintegration (10/24)
 e - a wand of polymorph (5/24)
 f - a wand of confusion (27/48)
 s - a wand of teleportation (4/9)
 v - a wand of enslavement (7/24)
 w - a wand of flame (5/48)
 y - a wand of lightning (7/15)
 E - a wand of digging (16/24)
 U - a wand of paralysis (13/24)
Scrolls
 h - a scroll of enchant armour
 k - a scroll of blinking
 l - a scroll of enchant weapon
 q - 3 scrolls of recharging
 t - a scroll of immolation {unknown}
 z - 2 scrolls of magic mapping
 H - 5 scrolls of teleportation
 P - a scroll of random uselessness {unknown}
 T - 3 scrolls of remove curse
Potions
 j - a potion of resistance
 m - 9 potions of curing
 o - a potion of flight
 r - 6 potions of agility
 L - 3 potions of heal wounds
 N - a potion of cancellation {unknown}
 R - a potion of lignification {unknown}
 V - a potion of might
 W - 3 potions of ambrosia
 X - a potion of haste {unknown}
 Z - a potion of cure mutation {unknown}
Books
 a - a book of Transfigurations

   Spells                             Type                      Level
   a - Irradiate                      Conjuration/Transmutation    5
   b - Statue Form                    Transmutation/Earth          6
   c - Hydra Form                     Transmutation                6
   d - Dragon Form                    Transmutation                7
   Trog disapproves of the use of such an item.
 b - a book of Changes

   Spells                             Type                      Level
   a - Beastly Appendage              Transmutation                1
   b - Sticks to Snakes               Transmutation                2
   c - Spider Form                    Transmutation/Poison         3
   d - Ice Form                       Ice/Transmutation            4
   e - Blade Hands                    Transmutation                5
   Trog disapproves of the use of such an item.
Comestibles
 B - 11 meat rations
 F - 10 slices of pizza
 G - 22 fruits
 K - a royal jelly


   Skills:
 * Level 16.9 Fighting
 * Level 16.3(16.6) Axes
 - Level 5.8(12.3) Maces & Flails
 + Level 12.2 Armour
 - Level 8.8 Dodging
 + Level 7.8 Shields


You had 13 spell levels left.
You didn't know any spells.

Dungeon Overview and Level Annotations

Branches:
Dungeon (11/15)            Temple (0/1) D:5            Lair (6/6) D:9
  Swamp (0/4) Lair:4       Spider (0/4) Lair:3        Slime (0/5) Lair:6
    Orc: D:9-12

Altars:
Ashenzari
Cheibriados
Fedhas
Gozag
Makhleb
Nemelex Xobeh
Ru
Sif Muna
Trog
Xom
Zin
The Shining One
Jiyva

Shops:
D:4 (   D:5 }   D:6 =

Annotations:
Lair:3 exclusion: oklob plant
Lair:5 Snorg
Lair:6 1 runed door


Innate Abilities, Weirdness & Mutations

You reflexively headbutt those who attack you in melee.
You have a pair of horns on your head.
You have sharp fingernails.
Your body sometimes deteriorates upon taking damage.
You are resistant to hostile enchantments. (MR+)


Message History

The eight-headed hydra barely misses you.
The eight-headed hydra misses you. The eight-headed hydra bites you.
The eight-headed hydra bites you but does no damage. x2
The eight-headed hydra bites you.
As you read the scroll of teleportation, it crumbles to dust.
You feel strangely unstable. Snorg bites you but does no damage.
You block Snorg's attack. x2; Snorg bites you!
Snorg claws you!
* * * LOW HITPOINT WARNING * * *
Snorg barely misses you. The eight-headed hydra bites you.
* * * LOW HITPOINT WARNING * * *
The eight-headed hydra bites you.
* * * LOW HITPOINT WARNING * * *
The eight-headed hydra bites you but does no damage.
The eight-headed hydra bites you!
* * * LOW HITPOINT WARNING * * *
The eight-headed hydra barely misses you.
You block the eight-headed hydra's attack.
The eight-headed hydra bites you but does no damage. x2
Snorg bites you!
You die...

##...##P.##..#####.........##
#...#..........###.........##
............................#
....................P......##
.....................#.....##
.....#...............P......#
....###.....................#
....P#.......##..D..........#
....##.#...###..@>.........##
......#..........T..........#
.........................!..#
...........................P#
.......#.#........รท..P.....##
......###..P..#......#.....###
.....................##......#
.....................PP.....##
.................#..........#


You could see Snorg (berserk) and an eight-headed hydra.

Vanquished Creatures
  Gastronok (Lair:2)
  Nessos (Lair:5)
  A dire elephant (Lair:6)
  Harold (D:11)
  2 catoblepae
  7 hydras
  Urug (Lair:5)
  The ghost of Kave the Ruffian, a novice TrTm of Sif Muna (D:7)
  The ghost of Kave the Ruffian, a novice TrTm of Sif Muna (D:8)
  Nergalle (Lair:1)
  A wizard (Lair:6)
  An unseen horror (D:11)
  A hill giant (D:10)
  Pikel (D:4)
  A cyclops (D:11)
  8 elephants
  2 black mambas (Lair:1)
  2 torpor snails (Lair:6)
  15 spiny frogs
  4 rime drakes
  6 komodo dragons
  A demonic crawler (Lair:3)
  A hellwing (Lair:6)
  4 trolls
  A two-headed ogre (D:9)
  The ghost of kkamote the Poker, an amateur MfCK of Xom (D:4)
  Prince Ribbit (D:5)
  3 tyrant leeches (Lair:4)
  A hornet (D:10)
  Grinder (D:3)
  16 blink frogs
  2 dream sheep (Lair:6)
  7 hippogriffs
  A human (D:8)
  52 yaks
  5 basilisks
  3 wyverns
  3 hogs (D:8)
  A hungry ghost (D:8)
  Edmund (D:6)
  2 soldier ants
  19 water moccasins
  2 hell hounds (D:8)
  3 orc warriors (D:7)
  9 porcupines
  Duvessa (D:5)
  An eye of draining (D:9)
  2 sky beasts
  4 black bears
  An ice beast (D:7)
  4 phantoms
  8 centaurs
  6 ogres
  13 crocodiles
  Blork the orc (D:4)
  2 big kobolds
  12 bullfrogs
  A water moccasin zombie (D:5)
  A gnoll sergeant (D:6)
  Dowan (D:5)
  3 scorpions
  9 killer bees
  13 wights
  2 howler monkeys
  6 crimson imps
  A bullfrog zombie (D:11)
  2 quasits
  6 hounds
  7 orc priests
  A gnoll shaman (D:10)
  2 jellies
  2 centaur skeletons
  An iguana (D:7)
  9 orc wizards
  Ijyb (D:3)
  Natasha (thrice) (D:3)
  13 worker ants
  2 killer bee zombies
  3 hound zombies
  2 hound skeletons
  A howler monkey zombie (D:9)
  2 worker ant zombies
  Robin (D:3)
  16 gnolls
  13 adders
  5 shadow imps
  12 white imps (D:11)
  An adder zombie (D:5)
  4 worms
  A dart slug (D:1)
  8 leopard geckos
  40 orcs
  A ball python (D:1)
  5 bats
  11 giant cockroaches
  14 goblins
  8 hobgoblins
  3 jackals (D:3)
  7 quokkas
  2 frilled lizards
  A jackal skeleton (D:4)
  20 kobolds
  2 leopard gecko skeletons
  2 quokka skeletons
  10 rats
  A fungus (Lair:1)
  2 plants
538 creatures vanquished.

Vanquished Creatures (others)
  11 fungi
  5 plants
16 creatures vanquished.

Grand Total: 554 creatures vanquished

Notes
Turn   | Place    | Note
-------+----------+-------------------------------------------
     0 | D:1      | JiminyCricket the Minotaur Berserker began the quest for the Orb.
     0 | D:1      | Reached XP level 1. HP: 19/19 MP: 0/0
   230 | D:1      | Reached XP level 2. HP: 27/27 MP: 1/1
   862 | D:2      | Found a sacrificial altar of Ru.
   906 | D:2      | Reached ** piety under Trog
   953 | D:2      | Found a faded altar of an unknown god.
   969 | D:2      | Reached XP level 3. HP: 33/33 MP: 2/2
  1635 | D:3      | Noticed Grinder
  1715 | D:3      | Killed Grinder
  1715 | D:3      | Reached skill level 5 in Fighting
  1715 | D:3      | Reached skill level 5 in Axes
  1715 | D:3      | Reached XP level 4. HP: 42/42 MP: 3/3
  1715 | D:3      | Reached XP level 5. HP: 48/48 MP: 4/4
  1851 | D:3      | Reached XP level 6. HP: 51/56 MP: 5/5
  1955 | D:3      | Noticed Natasha
  1959 | D:3      | Killed Natasha
  2067 | D:3      | Reached *** piety under Trog
  2068 | D:3      | Noticed Ijyb
  2072 | D:3      | Noticed Natasha
  2079 | D:3      | Killed Ijyb
  2083 | D:3      | Killed Natasha
  2313 | D:3      | Noticed Robin
  2317 | D:3      | Killed Robin
  2373 | D:3      | Noticed Natasha
  2385 | D:3      | Killed Natasha
  2385 | D:3      | Reached XP level 7. HP: 63/63 MP: 6/6
  2579 | D:3      | Reached **** piety under Trog
  3240 | D:4      | Found Riemusytuli's Antique Weapon Shop.
  3346 | D:4      | Noticed Pikel
  3347 | D:4      | Noticed kkamote's ghost (amateur MfCK)
  3370 | D:4      | Killed Pikel
  3370 | D:4      | Reached skill level 5 in Armour
  3370 | D:4      | Reached XP level 8. HP: 61/73 MP: 7/7
  3385 | D:4      | Killed kkamote's ghost
  3461 | D:4      | Reached skill level 5 in Dodging
  3694 | D:4      | Noticed Blork the orc
  3701 | D:4      | Killed Blork the orc
  3738 | D:4      | Got a transparent scale mail
  3908 | D:5      | Entered Level 5 of the Dungeon
  3909 | D:5      | Found a staircase to the Ecumenical Temple.
  3941 | D:5      | Found a sparkling altar of Nemelex Xobeh.
  3942 | D:5      | Noticed Prince Ribbit
  3952 | D:5      | Killed Prince Ribbit
  3981 | D:5      | Reached XP level 9. HP: 58/82 MP: 8/8
  3987 | D:5      | Reached ***** piety under Trog
  4429 | D:5      | Found a deep blue altar of Sif Muna.
  4452 | D:5      | Found Ranuumapa's Gadget Boutique.
  4481 | D:5      | Found a snail-covered altar of Cheibriados.
  4519 | D:5      | Reached skill level 1 in Maces & Flails
  4523 | D:5      | Noticed Duvessa
  4523 | D:5      | Noticed Dowan
  4534 | D:5      | Killed Duvessa
  4546 | D:5      | Killed Dowan
  4922 | D:6      | Found Nehelaf's Jewellery Shop.
  5076 | D:6      | Found a shattered altar of Ashenzari.
  5083 | D:6      | Noticed Edmund
  5091 | D:6      | Killed Edmund
  5145 | D:6      | Reached skill level 10 in Fighting
  5229 | D:6      | Received a gift from Trog
  5570 | D:6      | Found a glowing silver altar of Zin.
  5647 | D:6      | Reached skill level 5 in Maces & Flails
  6083 | D:7      | Reached XP level 10. HP: 93/94 MP: 9/9
  6094 | D:7      | Received a gift from Trog
  6100 | D:7      | Got a scorched broad axe {god gift}
  6101 | D:7      | Identified the +13 broad axe "Zitail" {protect, rF+ Str+4} (Trog gifted it to you on level 7 of the Dungeon)
  6180 | D:7      | Noticed Kave's ghost (novice TrTm)
  6189 | D:7      | Killed Kave's ghost
  6228 | D:7      | Found a burning altar of Makhleb.
  6308 | D:7      | Found a shimmering altar of Xom.
  6446 | D:7      | Reached skill level 10 in Axes
  6602 | D:7      | Identified the +0 scale mail "Ymenitt" {MR++ Int-3} (You found it on level 4 of the Dungeon)
  7508 | D:8      | Noticed Kave's ghost (novice TrTm)
  7516 | D:8      | Killed Kave's ghost
  7935 | D:8      | Reached XP level 11. HP: 104/104 MP: 10/10
  8034 | D:8      | Found a bloodstained altar of Trog.
  8034 | D:8      | Found an opulent altar of Gozag.
  8367 | D:9      | Found a staircase to the Lair.
  9064 | D:9      | Received a gift from Trog
  9228 | D:9      | Found a glowing golden altar of the Shining One.
  9820 | D:10     | Entered Level 10 of the Dungeon
 10224 | D:10     | Noticed a hill giant
 10233 | D:10     | Killed a hill giant
 10928 | D:11     | Noticed Harold
 10935 | D:11     | Killed Harold
 11104 | D:11     | Found a frozen archway.
 11117 | D:11     | Received a gift from Trog
 11220 | D:11     | Killed an unseen horror
 11220 | D:11     | Reached XP level 12. HP: 93/116 MP: 11/11
 11527 | D:11     | Reached ****** piety under Trog
 11662 | D:11     | Reached skill level 10 in Armour
 12185 | Lair:1   | Entered Level 1 of the Lair of Beasts
 12188 | Lair:1   | Reached skill level 1 in Shields
 12246 | Lair:1   | Noticed Nergalle
 12294 | Lair:1   | Killed Nergalle
 13325 | Lair:2   | Noticed Gastronok
 13341 | Lair:2   | Killed Gastronok
 13678 | Lair:2   | Noticed a seven-headed hydra
 14506 | Lair:2   | Killed an eight-headed hydra
 14573 | Lair:1   | Noticed a four-headed hydra
 14598 | Lair:1   | Killed a four-headed hydra
 14843 | Lair:2   | Reached skill level 15 in Fighting
 14864 | Lair:2   | Received a gift from Trog
 14905 | Lair:2   | You fall through a shaft for 2 floors!
 14907 | Lair:4   | Found a staircase to the Swamp.
 15091 | Lair:3   | Reached XP level 13. HP: 126/126 MP: 12/12
 15978 | Lair:3   | Found a blossoming altar of Fedhas.
 16184 | Lair:3   | Found a hole to the Spider Nest.
 16471 | Lair:3   | Reached skill level 5 in Shields
 16663 | Lair:3   | Gained mutation: You have sharp fingernails. [potion of mutation]
 16663 | Lair:3   | Gained mutation: Your body sometimes deteriorates upon taking damage. [potion of mutation]
 16663 | Lair:3   | Gained mutation: You are resistant to hostile enchantments. (MR+) [potion of mutation]
 17266 | Lair:4   | Reached skill level 15 in Axes
 17772 | Lair:5   | Noticed Urug
 17794 | Lair:5   | Killed Urug
 19153 | Lair:6   | Entered Level 6 of the Lair of Beasts
 19160 | Lair:6   | Noticed Nessos
 19447 | Lair:5   | Received a gift from Trog
 19451 | Lair:5   | Killed Nessos
 19900 | Lair:6   | Reached XP level 14. HP: 99/138 MP: 13/13
 20299 | Lair:6   | Found a viscous altar of Jiyva.
 20299 | Lair:6   | Found a staircase to the Slime Pits.
 20300 | Lair:6   | Found a runed door.
 20483 | Lair:6   | Received a gift from Trog
 20706 | Lair:6   | Paralysed by a wizard for 5 turns
 20747 | Lair:6   | Noticed Snorg
 21079 | Lair:5   | Mangled by Snorg

Skill      XL: |  1  2  3  4  5  6  7  8  9 10 11 12 13 14 |
---------------+-------------------------------------------+-----
Fighting       | 4 5 6 7 8 10 12 13 15 16 | 16.9
Axes           | 4 5 6 7 9 11 12 14 15 16 | 16.3
Armour         | 3 4 5 6 7 8 9 11 12 | 12.2
Dodging        | 3 4 5 6 7 8 |  8.8
Maces & Flails | 5 |  5.8
Shields        | 4 7 |  7.8

Action                   |  1- 3 |  4- 6 |  7- 9 | 10-12 | 13-15 || total
-------------------------+-------+-------+-------+-------+-------++-------
Melee: Hand axe          |    92 |    90 |   157 |       |       ||   339
       Headbutt          |    13 |    11 |    63 |    71 |    71 ||   229
       Unarmed           |     2 |       |       |       |       ||     2
       Flail             |       |       |   144 |     3 |       ||   147
       Broad axe         |       |       |       |   412 |   243 ||   655
       Whip              |       |       |       |     8 |    51 ||    59
Invok: Berserk           |       |     3 |     3 |     2 |     3 ||    11
Evoke: Wand              |       |       |       |     2 |       ||     2
  Use: Scroll            |     8 |       |     3 |     6 |    10 ||    27
       Potion            |     3 |       |     1 |       |     5 ||     9
  Eat: Bread ration      |     1 |       |     3 |     7 |     4 ||    15
       Fruit             |       |     1 |       |       |       ||     1
       Chunk             |       |     1 |       |       |       ||     1
       Meat ration       |       |       |     1 |       |     1 ||     2
       Beef jerky        |       |       |       |       |     4 ||     4
       Pizza             |       |       |       |       |     1 ||     1
Armor: Ring mail         |    18 |       |       |       |       ||    18
       Chain mail        |    33 |    41 |    97 |   253 |       ||   424
       Skin              |     4 |       |       |       |       ||     4
       Scale mail        |       |       |    12 |       |       ||    12
       Plate armour      |       |       |       |       |   185 ||   185
Dodge: Dodged            |    46 |    37 |   140 |   191 |   126 ||   540
Block: Shield            |       |       |       |   202 |   172 ||   374
